 Dungeon Crawl Stone Soup version 0.29.1-15-g9cfb28693d (webtiles) character file.

Game seed: 4971200720019653430

243 LynnLen the Vexing (level 5, -3/24 HPs)
             Began as a Spriggan Enchanter on Mar 11, 2023.
             Slain by Grinder (5 damage)
             ... while paralysed by Grinder
             ... on level 4 of the Dungeon.
             The game lasted 00:21:43 (5421 turns).

LynnLen the Vexing (Spriggan Enchanter)             Turns: 5421, Time: 00:21:44

Health: -3/24      AC:  3    Str:  7    XL:     5   Next: 82%
Magic:  10/13      EV:  4    Int: 18    God:
Gold:   180        SH:  0    Dex: 16    Spells: 2/14 levels left

rFire   . . .      SeeInvis +   m - +0 dagger (venom)
rCold   . . .      Faith    .   (no shield)
rNeg    . . .      Spirit   .   p - +1 robe of Intense the Good {Str+3}
rPois   +          Reflect  .   (helmet restricted)
rElec   .          Harm     .   (no cloak)
rCorr   .          Rampage  .   (gloves unavailable)
Will    .....                   (boots unavailable)
Stlth   +++.......              (no amulet)
HPRegen 0.08/turn               f - ring of poison resistance
MPRegen 0.13/turn               j - ring of poison resistance

@: paralysed, confusing by touch, very quick
A: very small, no large weapons, unfitting armour, see invisible, speed 3
a: no special abilities


You were on level 4 of the Dungeon.
You visited 1 branch of the dungeon, and saw 4 of its levels.

You collected 180 gold pieces.

Inventory:

Hand Weapons
 a - a +1 dagger
 m - a +0 dagger of venom (weapon)
Missiles
 i - 2 poisoned darts (quivered)
 l - 42 stones
Armour
 b - a +0 robe
 p - the +1 robe of Intense the Good (worn) {Str+3}
   (You found it on level 3 of the Dungeon)

   Str:       It affects your strength (+3).
Jewellery
 f - a ring of poison resistance (left hand)
 j - a ring of poison resistance (right hand)
 t - an amulet of guardian spirit
Wands
 q - a wand of charming (9)
Scrolls
 o - a scroll of immolation {unknown}
 s - a scroll of teleportation
Potions
 c - 2 potions of invisibility
 d - 2 potions of mutation
 e - a potion of flight
 g - a potion of curing
 h - a potion of degeneration {unknown}
 k - 2 potions of resistance
 n - a potion of brilliance {unknown}
 r - 2 potions of heal wounds


   Skills:
 - Level 1.1 Short Blades
 - Level 2.6 Dodging
 - Level 4.4 Stealth
 + Level 5.4 Spellcasting
 + Level 6.0 Hexes
 + Level 1.3 Transmutations
 + Level 0.9 Poison Magic


You had 2 spell levels left.
You knew the following spells:

 Your Spells              Type           Power      Damage    Failure   Level
a - Ensorcelled Hibernat  Hex/Ice        30%        N/A       5%          2
b - Confusing Touch       Hex            26%        N/A       3%          3
c - Tukima's Dance        Hex            26%        N/A       3%          3
d - Dazzling Flash        Conj/Hex       30%        N/A       11%         3
e - Sting                 Tmut/Pois      32%        1d4       9%          1

Your spell library contained the following spells:

 Spells                   Type           Power      Damage    Failure   Level
 Poisonous Vapours        Pois/Air       12%        N/A       16%         2
 Olgreb's Toxic Radiance  Pois           8%         N/A       65%         4


Dungeon Overview and Level Annotations

Branches:
Dungeon (4/15)
 Temple: D:4-7

Altars:
Yredelemnul
The Shining One

Annotations:
D:3 Pargi
D:4 Grinder, Menkaure


Innate Abilities, Weirdness & Mutations

You are very small and have problems with some larger weapons.
You are too small for most types of armour.
You have supernaturally acute eyesight. (SInv)
You cover ground extremely quickly. (Speed+++)


Message History

Press: ? - help, Shift-Dir - straight line, f/p - hound
Aim: a hound (lightly wounded, poisoned, chance to affect: 57%)
The hound resists with significant effort.
The hound completely misses you.
You hit the hound.
The hound is moderately wounded.
The hound bites you. The hound closely misses you.
You hit the hound.
The hound looks even sicker.
The hound is heavily wounded.
The hound closely misses you.
You hit the hound but do no damage.
The hound looks as sick as possible!
The hound is heavily wounded.
The hound bites you but does no damage. The hound barely misses you.
You barely miss the hound.
The hound is severely wounded.
You kill the hound!
Your Hexes skill increases to level 6!
You start resting.
You hear a distant slurping noise.
HP restored.
You start resting.
Magic restored.
Grinder shouts!
You see here a +0 club.
Casting: Ensorcelled Hibernation (safe; 5% risk of failure)
Confirm with . or Enter, or press ? or * to list all spells.
Your hands begin to glow red.
Grinder gestures at you. You resist with significant effort.
Grinder gestures at you. Pain shoots through your body!
Ouch! That really hurt!
Grinder gestures at you.
You suddenly lose the ability to move!
Grinder hits you.
* * * LOW HITPOINT WARNING * * *
You writhe in agony.
* * * LOW HITPOINT WARNING * * *
Grinder hits you.
You die...

.... #... ..... #...
#### .##M ####
##..#######+#########
#.........$.....#....
#...............#....
#..)............#....
#..#.###.##..####'###
####@# #.##..####..##
#..5.#.............
#....#.............
#....#.............
###################


You could see Grinder.

Vanquished Creatures
  2 hounds
  An iguana (D:3)
  Ijyb (D:3)
  Robin (D:3)
  3 adders
  5 worms
  2 dart slugs
  3 orcs
  4 ball pythons
  3 endoplasms
  5 giant cockroaches
  17 goblins
  5 hobgoblins
  3 jackals (D:2)
  3 kobolds
  3 quokkas
  3 bats
  3 frilled lizards
  3 rats
70 creatures vanquished.

Vanquished Creatures (collateral kills)
  An orc (D:3)
1 creature vanquished.

Vanquished Creatures (others)
  A dancing weapon (D:3)
1 creature vanquished.

Grand Total: 72 creatures vanquished

Notes
Turn   | Place    | Note
-------+----------+-------------------------------------------
     0 | D:1      | LynnLen the Spriggan Enchanter began the quest for the Orb.
     0 | D:1      | Reached XP level 1. HP: 9/9 MP: 5/5
   139 | D:1      | Found a faded altar of an unknown god.
   273 | D:1      | Reached skill level 4 in Hexes
   273 | D:1      | Reached XP level 2. HP: 13/13 MP: 7/7
   276 | D:1      | Learned a level 2 spell: Ensorcelled Hibernation
  1943 | D:2      | Reached XP level 3. HP: 16/16 MP: 6/9
  1947 | D:2      | Learned a level 3 spell: Confusing Touch
  1951 | D:2      | Learned a level 3 spell: Tukima's Dance
  2995 | D:3      | Noticed Ijyb
  3081 | D:3      | Reached XP level 4. HP: 15/21 MP: 3/11
  3087 | D:3      | Learned a level 3 spell: Dazzling Flash
  3200 | D:3      | Noticed Robin
  3202 | D:3      | Reached skill level 5 in Hexes
  3757 | D:3      | Killed Robin
  3832 | D:3      | Found a basalt altar of Yredelemnul.
  3889 | D:3      | Identified the +1 robe of Intense the Good {Str+3}
  3972 | D:3      | Killed Ijyb
  4022 | D:3      | Reached skill level 5 in Spellcasting
  4022 | D:3      | Reached XP level 5. HP: 24/24 MP: 11/13
  4215 | D:3      | Noticed Pargi
  4447 | D:3      | Found a glowing golden altar of the Shining One.
  4968 | D:3      | Learned a level 1 spell: Sting
  5265 | D:4      | Noticed Menkaure
  5362 | D:4      | Reached skill level 1 in Transmutations
  5370 | D:4      | Noticed Grinder
  5382 | D:4      | Reached skill level 6 in Hexes
  5419 | D:4      | Paralysed by Grinder for 5 turns
  5421 | D:4      | Slain by Grinder

Illustrated notes

Levels and vault maps discovered:
D:1:      scummos_arrival_star, layout_loops_corners,
          hellmonk_ecumenical_altar_heavens_door
D:2:      minmay_door_path, layout_loops_ring, nicolae_wormholes
D:3:      layout_rooms, mainiacjoe_overflow_six_doors_small, tso_altar,
          uniq_pargi, uniq_robin, uniq_ijyb
D:4:      layout_gridville, uniq_grinder, uniq_pikel, uniq_menkaure

Skill      XL: |  1  2  3  4  5 |
---------------+----------------+-----
Spellcasting   | 3 4 5 |  5.4
Hexes          | 4 5 6 |  6.0
Transmutations | 1 |  1.3
Short Blades   | |  1.1
Dodging        | |  2.6
Stealth        | |  4.4
Poison Magic   | |  0.9

Action                   |  1- 3 |  4- 6 || total
-------------------------+-------+-------++-------
Melee: Dagger            |    98 |    82 ||   180
       Punch             |     1 |       ||     1
 Cast: Ensorcelled Hiber |    26 |    15 ||    41
       Confusing Touch   |       |     2 ||     2
       Tukima's Dance    |       |     3 ||     3
       Sting             |       |     1 ||     1
  Use: Scroll            |     6 |     5 ||    11
 Stab: Sleeping          |    24 |    13 ||    37
       Confused          |       |     1 ||     1
Armor: Robe              |     8 |    10 ||    18
Dodge: Dodged            |    64 |    76 ||   140
